 Dungeon Crawl Stone Soup version 0.29-a0-834-g1e95ca9f62 (webtiles) character file.

Game seed: 10155034922430696651

198 Nato the Covered (level 5, -4/47 HPs)
             Began as a Minotaur Fighter on July 12, 2022.
             Killed from afar by an orc wizard (7 damage)
             ... with a magic dart
             ... on level 4 of the Dungeon.
             The game lasted 00:03:54 (2361 turns).

Nato the Covered (Minotaur Fighter)                 Turns: 2361, Time: 00:03:54

Health: -4/47      AC: 11    Str: 23    XL:     5   Next: 47%
Magic:  4/4        EV:  6    Int:  5    God:
Gold:   194        SH:  0    Dex:  9    Spells: 4/4 levels left

rFire   . . .      SeeInvis .   a - +0 war axe
rCold   . . .      Faith    .   n - +0 kite shield
rNeg    . . .      Spirit   .   m - +0 chain mail
rPois   +          Reflect  .   (helmet restricted)
rElec   .          Harm     .   (no cloak)
rCorr   .          Rampage  .   (no gloves)
Will    .....                   l - +0 pair of boots
Stlth   ..........              (no amulet)
HPRegen 0.15/turn               h - ring of poison resistance
MPRegen 0.09/turn               (no ring)

@: confused
A: horns 2, retaliatory headbutt
a: no special abilities


You were on level 4 of the Dungeon.
You visited 1 branch of the dungeon, and saw 4 of its levels.
You also visited: Sewer.

You collected 194 gold pieces.

Inventory:

Hand Weapons
 a - a +0 war axe (weapon)
Armour
 c - a +0 buckler
 l - a +0 pair of boots (worn)
 m - a +0 chain mail (worn)
 n - a +0 kite shield (worn)
Jewellery
 h - a ring of poison resistance (left hand)
 i - an amulet of faith
Wands
 p - a wand of roots (23)
Scrolls
 b - a scroll of brand weapon {unknown}
 e - a scroll of enchant armour {unknown}
 g - 3 scrolls of acquirement {unknown}
 j - 2 scrolls of identify {unknown}
 o - a scroll of immolation {unknown}
 r - a scroll of magic mapping {unknown}
 t - a scroll of summoning {unknown}
 u - a scroll of teleportation {unknown}
Potions
 d - a potion of might
 f - 6 potions of curing {unknown}
 k - a potion of mutation {unknown}
 q - a potion of haste {unknown}
 s - a potion of experience {unknown}
 v - a potion of cancellation {unknown}
 w - a potion of degeneration {unknown}


   Skills:
 + Level 4.8 Fighting
 + Level 4.0 Axes
 + Level 4.9 Armour
 + Level 4.8 Shields


You had 4 spell levels left.
You didn't know any spells.
Your spell library was empty.

Dungeon Overview and Level Annotations

Branches:
Dungeon (4/15)              Sewer (visited)
 Temple: D:4-7

Altars:
Yredelemnul


Innate Abilities, Weirdness & Mutations

You have a pair of horns on your head.
You reflexively headbutt those who attack you in melee.


Message History

You barely miss something. Something hits you but does no damage.
You block the gnoll's attack.
You closely miss the gnoll.
The gnoll is moderately wounded.
You miss something.
You hear some strange, mumbled words.
A magic dart appears from out of thin air!
The magic dart hits you.
* * * LOW HITPOINT WARNING * * *
The gnoll hits you but does no damage. Something hits you but does no damage.
The gnoll hits you but does no damage.
You barely miss the gnoll.
The gnoll is moderately wounded.
You closely miss something. Something hits you but does no damage.
The gnoll hits you but does no damage.
You barely miss the gnoll. Your headbutt misses the gnoll.
The gnoll is moderately wounded.
You miss something. Something hits you but does no damage.
The gnoll hits you but does no damage. Something hits you but does no damage.
You block the gnoll's attack.
You hit the gnoll but do no damage.
The gnoll is moderately wounded.
You closely miss something. Something hits you but does no damage.
The gnoll hits you but does no damage.
You closely miss something. You barely miss the gnoll. Something hits you.
* * * LOW HITPOINT WARNING * * *
You block the gnoll's attack.
You hear some strange, mumbled words.
You are confused.
The gnoll hits you but does no damage.
You bump into the rock wall.
Something hits you but does no damage. The gnoll hits you but does no damage.
You're too confused to move!
Something hits you but does no damage. The gnoll hits you with a +0 spear.
* * * LOW HITPOINT WARNING * * *
You miss something. You hit the gnoll.
You hear some strange, mumbled words.
A magic dart appears from out of thin air!
The magic dart hits you!
You die...

.............+
.............#
.............#
.............#######.
.#########...........
#...#...........
#...#...........
#...')..........
#...#@..........
#####g{.........
#......####...
#......# ... #..<...#
#......####.
##'#........
...#........
.o...#........


You could see a gnoll.

Vanquished Creatures
  Pargi (Sewer)
  3 gnolls (D:4)
  A river rat (D:3)
  An adder (D:2)
  A worm (D:3)
  A dart slug (D:1)
  3 orcs (D:3)
  2 endoplasms
  3 giant cockroaches (D:3)
  4 hobgoblins
  5 kobolds
  5 ball pythons
  6 bats
  4 frilled lizards
  4 goblins
  8 rats
  A spectral orc (D:3)
53 creatures vanquished.

Notes
Turn   | Place    | Note
-------+----------+-------------------------------------------
     0 | D:1      | Nato the Minotaur Fighter began the quest for the Orb.
     0 | D:1      | Reached XP level 1. HP: 19/19 MP: 0/0
    52 | D:1      | Found a faded altar of an unknown god.
   341 | D:1      | Reached XP level 2. HP: 25/27 MP: 1/1
   838 | D:2      | Reached XP level 3. HP: 29/33 MP: 2/2
  1495 | D:3      | Found a basalt altar of Yredelemnul.
  1767 | D:3      | Found a glowing drain.
  1782 | D:3      | Reached XP level 4. HP: 35/40 MP: 3/3
  1789 | Sewer    | Entered a sewer
  1821 | Sewer    | Noticed Pargi
  1827 | Sewer    | Killed Pargi
  1828 | Sewer    | Reached XP level 5. HP: 38/47 MP: 4/4
  2361 | D:4      | Killed from afar by an orc wizard

Illustrated notes

Levels and vault maps discovered:
D:1:      onia_arrival_pyramid, layout_loops_ring,
          nicolae_ecumenical_snake_handling, serial_glass, glass_columns_b,
          glass_columns_b
D:2:      layout_loops_cross
D:3:      layout_loops_ring, yredelemnul_forgotten_temple_becter,
          portal_sewer_entry_b
D:4:      layout_gridville, uniq_pikel, uniq_menkaure

Skill      XL: |  1  2  3  4  5 |
---------------+----------------+-----
Fighting       | 4 |  4.8
Axes           | 3 4 |  4.0
Armour         | 4 |  4.9
Shields        | 4 |  4.8

Action                   |  1- 3 |  4- 6 || total
-------------------------+-------+-------++-------
Melee: War axe           |    88 |    31 ||   119
       Headbutt          |    11 |     8 ||    19
Armor: Scale mail        |    28 |       ||    28
       Chain mail        |    27 |    36 ||    63
Dodge: Dodged            |    45 |     9 ||    54
Block: Buckler           |    17 |       ||    17
       Kite shield       |    16 |    12 ||    28

Table legend: (Time is in decaauts)
 A = Elapsed time spent in this place.
 B = Non-inter-level travel time spent in this place.
 C = Inter-level travel time spent in this place.
 D = Time resting spent in this place.
 E = Time spent auto-exploring this place.
 F = Levels seen in this place.
 G = Mean time per level.
                   A        B        C        D        E       F      G
               +--------+--------+--------+--------+--------+-----+--------+
         Total |   2418 |   2280 |    138 |      0 |   1884 |   5 |  483.6 |
       Dungeon |   2172 |   2034 |    138 |      0 |   1682 |   4 |  543.0 |
         Sewer |    246 |    246 |      0 |      0 |    202 |   1 |  246.0 |
               +--------+--------+--------+--------+--------+-----+--------+

Top non-repeatable levels by time:
     D:2: 758 daAuts
     D:1: 682 daAuts
     D:3: 639 daAuts
   Sewer: 246 daAuts
     D:4: 92 daAuts
